[Event "Team 45 45 League T47"]
[Site "Internet Chess Club"]
[Date "2010.12.05"]
[Round "5"]
[White "MikeA"]
[Black "SuperPeon"]
[Result "1-0"]
[WhiteElo "2147"]
[BlackElo "2066"]
[Opening "Pirc: classical system, 5.Be2"]
[ECO "B08"]
[Time "22:07:37"]
[TimeControl "2700+45"]

1. e4 d6 2. d4 Nf6 3. Nc3 g6 4. Nf3 Bg7 5. Be2 O-O 6. O-O Bg4 7. Be3 Nc6 8. h3
Bxf3 9. Bxf3 e5 10. d5 Ne7 11. Qd2 Nd7 12. a4 f5 13. Bg5 Nf6 14. Rfe1 f4 15. h4
h6 16. Bxf6 Bxf6 17. h5 g5 18. Qd3 Qd7 19. Qe2 c6 20. Bg4 Qc7 21. Red1 c5 22.
Nb5 Qd8 23. Be6+ Kh8 24. c3 a6 25. Na3 Qc7 26. Rdc1 Bg7 27. b4 b6 28. Nc4 Rfb8
29. bxc5 Qxc5 30. a5 b5 31. Nb6 Rxb6 32. axb6 Qxb6 33. Rc2 Qb7 34. c4 b4 35. c5
b3 36. c6 Qb6 37. Rc3 a5 38. Qc4 b2 39. Rb1 a4 40. Ra3 g4 41. Rxa4 Ra5 42. Rxa5
Qxa5 43. c7 {Black resigns} 1-0

[Event "Team 45 45 League T47"]
[Site "Internet Chess Club"]
[Date "2010.12.06"]
[Round "5"]
[White "CaoCao"]
[Black "GreatPelle"]
[Result "0-1"]
[WhiteElo "1884"]
[BlackElo "2028"]
[Opening "Modern defense: Averbakh system, Kotov variation"]
[ECO "A40"]
[Time "14:00:13"]
[TimeControl "2700+45"]

1. d4 g6 2. c4 Bg7 3. Nc3 d6 4. e4 Nc6 5. Be3 e5 6. d5 Nce7 7. g4 h5 8. gxh5
Rxh5 9. Be2 Rh8 10. c5 f5 11. cxd6 cxd6 12. Bb5+ Bd7 13. Qa4 a6 14. Bxd7+ Qxd7
15. Qxd7+ Kxd7 16. Na4 Nc8 17. Bb6 Nf6 18. Rc1 Ne8 19. exf5 gxf5 20. Nf3 Ne7 21.
Rg1 Nxd5 22. Rd1 Ndc7 23. Bxc7 Kxc7 24. Rc1+ Kd8 25. Nb6 Rb8 26. Ng5 Bh6 27. Rc2
Bxg5 28. Rxg5 f4 29. f3 Ke7 30. Nc8+ Kf6 31. Rgg2 d5 32. Nb6 Rd8 33. Rc5 d4 34.
Nd5+ Kf7 35. Nb6 Rh5 36. Nc4 Kf6 37. Nd2 Nd6 38. Rc7 Rg5 39. Rxg5 Kxg5 40. Rh7
Kg6 41. Re7 Kf6 42. Rh7 d3 43. Kd1 Nf5 44. Ne4+ Kg6 45. Rxb7 Ne3+ 46. Kc1 Nf1
47. Rb6+ Kh5 48. Nc3 Nxh2 49. Rxa6 Nxf3 50. Ra5 Kg4 51. Kd1 Rh8 {White resigns}
0-1

[Event "Team 45 45 League T47"]
[Site "Internet Chess Club"]
[Date "2010.12.07"]
[Round "5"]
[White "Vaigpertu"]
[Black "PHILOCHESS"]
[Result "0-1"]
[WhiteElo "2267"]
[BlackElo "2095"]
[Opening "Dutch, 2.Bg5 variation"]
[ECO "A80"]
[Time "16:30:30"]
[TimeControl "2700+45"]

1. d4 f5 2. Bg5 c6 3. Nd2 Nf6 4. Bxf6 exf6 5. e3 Qb6 6. Bd3 d5 7. Rb1 Na6 8. a3
Bd6 9. Qf3 O-O 10. Bxf5 Nc7 11. Ne2 Qa6 12. Bd3 b5 13. O-O Bd7 14. Ng3 g6 15. e4
Qb6 16. c3 Ne6 17. exd5 Ng5 18. Qd1 cxd5 19. Qb3 Qc6 20. Nge4 Nxe4 21. Nxe4 Be7
22. Rbe1 Kg7 23. Ng3 Bd6 24. f4 f5 25. Nh1 a6 26. g3 Rae8 27. Nf2 Re6 28. Rxe6
Bxe6 29. Re1 Bf7 30. Qd1 a5 31. Qf3 b4 32. axb4 axb4 33. c4 Bc7 34. c5 Qf6 35.
Re5 Bxe5 36. fxe5 Qc6 37. Nh3 Ra8 38. Nf4 Ra1+ 39. Kg2 Ra2 40. Qe2 g5 41. Nh3 h6
42. Bxf5 Bg6 43. g4 Qa6 44. Qxa6 Rxa6 45. Bxg6 Kxg6 46. Nf2 Ra2 47. Nd3 b3 48.
Kf3 Kf7 49. Ke2 Ra4 50. Ke3 Rc4 51. Ne1 Rc3+ 52. Kd2 Rh3 53. Nd3 Rxh2+ 54. Kc3
Rc2+ 55. Kxb3 Rc4 56. c6 Rxd4 57. e6+ Ke7 58. Ne5 Rd1 59. Kc2 Ra1 60. c7 Ra8 61.
Nc6+ Kd6 62. Nd4 Kxc7 63. b4 Ra4 64. Kb3 Ra1 65. Nf5 Rg1 66. Nxh6 Kd6 67. b5
Kxe6 68. Kb4 Rc1 69. b6 d4 70. Nf5 Kd5 71. Kb5 d3 72. Ne3+ Kd4 73. Nf5+ Ke4 74.
b7 d2 {White resigns} 0-1

[Event "Team 45 45 League T47"]
[Site "Internet Chess Club"]
[Date "2010.12.07"]
[Round "5"]
[White "D10S"]
[Black "pestka"]
[Result "0-1"]
[WhiteElo "1999"]
[BlackElo "2303"]
[Opening "Neo-Grünfeld, 6.O-O"]
[ECO "D77"]
[Time "07:17:43"]
[TimeControl "2700+45"]

1. Nf3 Nf6 2. c4 g6 3. g3 Bg7 4. Bg2 O-O 5. O-O d5 6. d4 Nc6 7. Nbd2 a5 8. e3 a4
9. Qe2 b6 10. Rd1 e6 11. Rb1 Ba6 12. b4 axb3 13. axb3 Bb7 14. c5 Nb4 15. Qb5 Na2
16. Qd3 Ne4 17. Bb2 Ba6 18. Qc2 Nb4 19. Qc1 Nd3 20. Qc2 Nexf2 21. Ba3 Nxd1 22.
Rxd1 bxc5 23. Nb1 Re8 24. Rxd3 Bxd3 25. Qxd3 cxd4 26. exd4 f6 27. Bc5 e5 28. Qc3
e4 29. Ne1 Qd7 30. Nc2 c6 31. b4 Bf8 32. Nba3 Bxc5 33. Qxc5 f5 34. Bf1 Rec8 35.
Qc3 g5 36. Bh3 Rf8 37. Ne3 g4 38. Bf1 f4 39. gxf4 Rxf4 40. Nac2 Raf8 41. Qe1 Qf7
42. b5 cxb5 43. Bxb5 Rf2 44. Be2 h5 45. Nd1 Rf5 46. Nce3 Rg5 47. Qa5 h4 48. Bc4
Kh8 49. Bxd5 Qf6 50. Qb4 Rxd5 51. Qe1 Rxd4 52. Nxg4 Qg5 53. Ne3 Rd3 54. Qa1+ Kh7
55. Qa7+ Qg7 56. Qxg7+ Kxg7 57. Ng2 Rd1+ {White resigns} 0-1

[Event "Team 45 45 League T47"]
[Site "Internet Chess Club"]
[Date "2010.12.06"]
[Round "5"]
[White "Jack-ONeill"]
[Black "parpin"]
[Result "1-0"]
[WhiteElo "2018"]
[BlackElo "1914"]
[Opening "Caro-Kann: two knights variation"]
[ECO "B11"]
[Time "13:00:25"]
[TimeControl "2700+45"]

1. e4 c6 2. Nc3 d5 3. Nf3 dxe4 4. Nxe4 Bf5 5. Ng3 Bg6 6. h4 h6 7. Ne5 Bh7 8. Qh5
g6 9. Bc4 e6 10. Qe2 Qe7 11. d4 Bg7 12. Bf4 Nd7 13. O-O-O Ngf6 14. Qd2 h5 15.
Bg5 O-O-O 16. Qa5 Kb8 17. Rd3 Nb6 18. Ra3 Nc8 19. Rd1 Bg8 20. Ne4 Bh6 21. Nxc6+
bxc6 22. Qe5+ Ka8 23. Nxf6 Nb6 24. Be2 Bxg5+ 25. hxg5 Bh7 26. Bf3 Qb7 27. Qc5
Rc8 28. Rdd3 Nd7 29. Rxa7+ Qxa7 30. Bxc6+ Kb8 31. Rb3+ Kc7 32. Qxa7+ Kxc6 33.
Qxd7# {Black checkmated} 1-0

[Event "Team 45 45 League T47"]
[Site "Internet Chess Club"]
[Date "2010.12.07"]
[Round "5"]
[White "rwest1022"]
[Black "baumhauer"]
[Result "1-0"]
[WhiteElo "1894"]
[BlackElo "1896"]
[Opening "Sicilian: closed"]
[ECO "B23"]
[Time "14:30:10"]
[TimeControl "2700+45"]

1. e4 c5 2. Nc3 e5 3. f4 d6 4. Nf3 exf4 5. Bc4 Be6 6. Bb5+ Nd7 7. d3 g5 8. h4 f6
9. b3 a6 10. Bc4 Bxc4 11. bxc4 Bg7 12. Nd5 Ne7 13. Bb2 Nxd5 14. cxd5 Qe7 15. Rb1
b5 16. Nd2 O-O 17. Qh5 f5 18. hxg5 Bxb2 19. Rxb2 c4 20. dxc4 fxe4 21. g6 Qg7 22.
Qxh7+ Qxh7 23. gxh7+ Kh8 24. cxb5 axb5 25. Rh4 Nc5 26. Rh6 Ra6 27. Rxb5 Rxa2 28.
Rxd6 Rxc2 29. Kd1 Rxd2+ 30. Kxd2 f3 31. gxf3 exf3 32. Rxc5 f2 33. Rc1 f1=Q 34.
Rxf1 Rxf1 35. Rh6 {Black resigns} 1-0

[Event "Team 45 45 League T47"]
[Site "Internet Chess Club"]
[Date "2010.12.04"]
[Round "5"]
[White "AugustoCaruso"]
[Black "easycure"]
[Result "0-1"]
[WhiteElo "2239"]
[BlackElo "2349"]
[Opening "French: Steinitz variation"]
[ECO "C11"]
[Time "15:00:24"]
[TimeControl "2700+45"]

1. d4 Nf6 2. Nc3 e6 3. e4 d5 4. e5 Nfd7 5. Qh5 c5 6. Nf3 cxd4 7. Nb5 Nc6 8. Bg5
Qb6 9. O-O-O Bc5 10. Bf4 a6 11. Nd6+ Bxd6 12. exd6 Nf6 13. Qh4 Bd7 14. Bh6 O-O-O
15. Rg1 Ne4 16. Bxg7 Nb4 17. b3 Qa5 18. a4 Bxa4 19. Bxh8 Bxb3 20. Bxd4 Qa3+ 21.
Bb2 Na2+ 22. Kb1 Nac3+ 23. Kc1 Qa2 {White resigns} 0-1

[Event "Team 45 45 League T47"]
[Site "Internet Chess Club"]
[Date "2010.12.04"]
[Round "5"]
[White "technika"]
[Black "QueensCounselor"]
[Result "1-0"]
[WhiteElo "2122"]
[BlackElo "2089"]
[Opening "Sicilian: closed"]
[ECO "B23"]
[Time "15:10:33"]
[TimeControl "2700+45"]

1. e4 c5 2. Nc3 d6 3. f4 g6 4. Nf3 Bg7 5. Bb5+ Bd7 6. Bc4 Nc6 7. O-O Nh6 8. d3
O-O 9. a3 a6 10. Qe1 b5 11. Ba2 Nd4 12. Nxd4 cxd4 13. Ne2 Rc8 14. f5 gxf5 15.
Qh4 Rxc2 16. Bxh6 Bxh6 17. Qxh6 Rxe2 18. Rf4 fxe4 19. dxe4 Kh8 20. Rh4 Rxg2+ 21.
Kxg2 Rg8+ 22. Kf2 Rg7 23. Rg1 Qg8 24. Rxg7 Qxg7 25. Qxg7+ Kxg7 26. Rf4 f6 27. b4
e5 28. Rf3 {Black resigns} 1-0

[Event "Team 45 45 League T47"]
[Site "Internet Chess Club"]
[Date "2010.12.05"]
[Round "5"]
[White "PandorasBox"]
[Black "jorobo"]
[Result "1/2-1/2"]
[WhiteElo "1965"]
[BlackElo "2063"]
[Opening "English: Neo-Catalan declined"]
[ECO "A14"]
[Time "17:44:10"]
[TimeControl "2700+45"]

1. c4 e6 2. g3 d5 3. Bg2 Nf6 4. Nf3 Be7 5. O-O O-O 6. Qc2 c5 7. d4 dxc4 8. Qxc4
cxd4 9. Nxd4 e5 10. Nf3 Nc6 11. Nc3 Be6 12. Qb5 Qc7 13. Be3 h6 14. Rfd1 Rfd8 15.
Bc5 Bxc5 16. Qxc5 Nd7 17. Qe3 Qb6 18. Qxb6 Nxb6 19. b3 {Game drawn by mutual
agreement} 1/2-1/2

[Event "Team 45 45 League T47"]
[Site "Internet Chess Club"]
[Date "2010.12.04"]
[Round "5"]
[White "noHz"]
[Black "Deckfuel"]
[Result "1-0"]
[WhiteElo "2106"]
[BlackElo "1982"]
[Opening "Kevitz-Trajkovich defense"]
[ECO "A50"]
[Time "14:00:27"]
[TimeControl "2700+45"]

1. d4 Nf6 2. c4 Nc6 3. Nf3 e6 4. g3 Ne7 5. Bg2 Ng6 6. O-O h5 7. h4 d5 8. Nc3 Be7
9. Bg5 c6 10. Qd3 Ng4 11. e4 Bxg5 12. Nxg5 Qc7 13. Bf3 dxc4 14. Qxc4 Nxh4 15.
Bxg4 hxg4 16. gxh4 Rxh4 17. e5 f5 18. Nxe6 Qf7 19. Nc7+ Qxc7 20. Qg8+ {Black
resigns} 1-0

[Event "Team 45 45 League T47"]
[Site "Internet Chess Club"]
[Date "2010.12.04"]
[Round "5"]
[White "chess9793"]
[Black "ThuG"]
[Result "0-1"]
[WhiteElo "2075"]
[BlackElo "2229"]
[Opening "KP: Nimzovich defense"]
[ECO "B00"]
[Time "15:09:13"]
[TimeControl "2700+45"]

1. e4 Nc6 2. d4 e5 3. d5 Nce7 4. Bd3 Ng6 5. Ne2 Bc5 6. a3 d6 7. O-O N8e7 8. Kh1
O-O 9. f4 f5 10. Nbc3 a5 11. Bd2 a4 12. Bb5 fxe4 13. fxe5 Nxe5 14. Nxe4 Bb6 15.
N2c3 Bf5 16. Bg5 Ra5 17. Qe2 Bd4 18. Bxa4 h6 19. Bh4 Bg4 20. Rxf8+ Qxf8 21. Qf1
Nf5 22. Bf2 Qe7 23. Bxd4 Nxd4 24. Qf2 Ndf3 25. gxf3 Bxf3+ 26. Kg1 Bxe4 27. b4
Rxa4 28. Nxa4 Qg5+ 29. Kf1 Bxd5 30. Nc3 Ng4 31. Qg3 Qf6+ 32. Kg1 Qd4+ 33. Kf1
Bc4+ 34. Ke1 Ne3 35. Rc1 Qxc3+ 36. Kf2 Qd2+ 37. Kf3 Be2+ 38. Ke4 d5+ 39. Ke5
Qxc1 40. Qg6 Nc4+ 41. Kxd5 Qd2+ 42. Ke6 Qd6+ 43. Kf5 Qe5# {White checkmated} 0-1

[Event "Team 45 45 League T47"]
[Site "Internet Chess Club"]
[Date "2010.12.06"]
[Round "5"]
[White "zeigmata"]
[Black "superbeast"]
[Result "1-0"]
[WhiteElo "2262"]
[BlackElo "1895"]
[Opening "Sicilian: Nimzovich-Rossolimo attack (with ...g6, without ...d6)"]
[ECO "B31"]
[Time "17:00:16"]
[TimeControl "2700+45"]

1. e4 c5 2. Nf3 Nc6 3. Bb5 g6 4. O-O Bg7 5. Re1 Nf6 6. e5 Nd5 7. c3 O-O 8. d4
cxd4 9. cxd4 d6 10. Nc3 Nc7 11. a4 dxe5 12. Bxc6 exd4 13. Nxd4 Bxd4 14. Bf3 e5
15. Bh6 Bxf2+ 16. Kxf2 Qh4+ 17. Kg1 Qxh6 18. Rxe5 Ne6 19. Nd5 Qg7 20. Re4 Ng5
21. Rb4 Re8 22. Nc7 {Black resigns} 1-0

[Event "Team 45 45 League T47"]
[Site "Internet Chess Club"]
[Date "2010.12.05"]
[Round "5"]
[White "Atlantis"]
[Black "pentti63"]
[Result "0-1"]
[WhiteElo "1770"]
[BlackElo "2279"]
[Opening "QGD: Tartakower (Makagonov-Bondarevsky) system"]
[ECO "D58"]
[Time "11:11:41"]
[TimeControl "2700+45"]

1. d4 Nf6 2. c4 e6 3. Nf3 d5 4. Bg5 Be7 5. e3 h6 6. Bh4 O-O 7. Nc3 b6 8. Bd3
Nbd7 9. O-O Bb7 10. a3 a5 11. b3 c5 12. h3 Rc8 13. Nb5 cxd4 14. Nfxd4 Ne5 15.
cxd5 Qxd5 16. f3 Nxd3 17. Qxd3 e5 18. e4 Qd7 19. Na7 Rcd8 20. Qb5 exd4 21. Qxb6
d3 22. Qxa5 d2 23. Rfd1 Qe6 24. Rxd2 Rxd2 25. Qxd2 Qxb3 26. a4 Rd8 27. Qe2 Nxe4
28. Bxe7 Rd2 29. Qe1 Qb2 30. fxe4 Rxg2+ 31. Kf1 Rh2 32. Bc5 Qg2# {White
checkmated} 0-1

[Event "Team 45 45 League T47"]
[Site "Internet Chess Club"]
[Date "2010.12.01"]
[Round "5"]
[White "Indianqueen"]
[Black "DieHappy"]
[Result "0-1"]
[WhiteElo "2292"]
[BlackElo "2352"]
[Opening "King's Indian: Sämisch, Panno main line"]
[ECO "E84"]
[Time "18:03:45"]
[TimeControl "2700+45"]

1. d4 Nf6 2. c4 g6 3. Nc3 Bg7 4. e4 d6 5. f3 O-O 6. Be3 Nc6 7. Qd2 a6 8. Nge2
Rb8 9. Nc1 e5 10. d5 Nd4 11. Nb3 c5 12. dxc6 bxc6 13. Nxd4 exd4 14. Bxd4 d5 15.
cxd5 cxd5 16. e5 Nd7 17. f4 f6 18. Nxd5 fxe5 19. Bc3 exf4 20. Bc4 Qh4+ 21. Qf2
Qxf2+ 22. Kxf2 Bxc3 23. Nxc3+ Kg7 24. b3 Ne5 25. Be2 Bb7 26. Bf3 Bxf3 27. gxf3
Rbc8 28. Ne2 Rc2 29. Rhd1 Re8 30. Rac1 Rxa2 31. Ra1 Rc2 32. Rac1 Nd3+ 33. Rxd3
Rexe2+ 34. Kf1 Rf2+ 35. Kg1 Rg2+ 36. Kf1 Rxh2 37. Rxc2 Rxc2 38. Rd6 Rc3 39. Kg2
Rxb3 40. Rxa6 Kh6 41. Ra5 g5 42. Ra7 Kg6 43. Ra6+ Kh5 44. Ra7 h6 45. Ra6 Rb2+
46. Kh3 Rf2 47. Ra3 Rxf3+ {White resigns} 0-1

[Event "Team 45 45 League T47"]
[Site "Internet Chess Club"]
[Date "2010.12.05"]
[Round "5"]
[White "eurander"]
[Black "SuperJEM"]
[Result "1/2-1/2"]
[WhiteElo "2188"]
[BlackElo "2161"]
[Opening "King's pawn opening"]
[ECO "B07"]
[Time "06:07:01"]
[TimeControl "2700+45"]

1. e4 d6 2. c3 Nf6 3. Qc2 g6 4. Nf3 Bg7 5. d4 O-O 6. Be2 b6 7. Bg5 Bb7 8. Nbd2
Nbd7 9. O-O e5 10. dxe5 dxe5 11. b4 h6 12. Bh4 Qe7 13. Rfe1 a5 14. a3 Ba6 15.
Bxa6 Rxa6 16. Nc4 axb4 17. axb4 Rfa8 18. Bxf6 Bxf6 19. Rxa6 Rxa6 20. Rd1 Nf8 21.
Qd3 b5 22. Ne3 c6 23. g3 h5 24. h4 Kg7 25. Qd2 Ne6 26. Qd6 Qxd6 27. Rxd6 Kf8 28.
Kf1 Ke7 29. Rd2 Ra3 30. Rc2 Bg7 31. Ke2 f6 32. Rc1 Bh6 33. Nd2 Ra2 34. Rc2 Ra3
35. Nb1 Ra1 36. Nd2 Bxe3 37. Kxe3 Re1+ 38. Kd3 c5 39. c4 bxc4+ 40. Rxc4 cxb4 41.
Nb3 Rf1 42. Ke3 Rb1 43. Rxb4 Nc5 44. Na5 Ra1 45. Nb7 Ra3+ 46. Ke2 Ra2+ 47. Ke3
Ne6 48. Kf3 Nd4+ 49. Kg2 g5 50. hxg5 fxg5 51. Rb6 Nc2 52. Rh6 Ne1+ 53. Kf1 Nd3
54. Rxh5 Rxf2+ 55. Kg1 Re2 56. Rxg5 Rxe4 57. Rg6 Re1+ 58. Kg2 e4 59. Nd6 e3 60.
Nf5+ Kf7 61. Rg4 Ke6 62. Nxe3 Rxe3 63. Ra4 Kf5 64. Ra8 Ne5 65. Rf8+ Kg5 66. Rg8+
Ng6 67. Ra8 Kf5 68. Rb8 Ra3 69. Rb5+ Ne5 70. Rb8 Ra2+ 71. Kh3 Ke4 72. Rb4+ Ke3
73. Rb3+ Kf2 74. Rb5 Nf3 75. Rb8 Rd2 76. Rf8 Rd7 77. Kg4 Rg7+ 78. Kf4 Rxg3 79.
Ra8 Nd2 80. Ra2 Rd3 81. Ra8 Rd4+ 82. Ke5 Rh4 83. Kd5 Nf1 84. Rf8+ Ke2 85. Re8+
Ne3+ 86. Ke5 Nc4+ 87. Kd5+ Kd3 88. Rg8 Rh5+ 89. Ke6 Nd2 90. Rd8+ Ke3 91. Rd5
Rh6+ 92. Kf5 Nf3 93. Rd8 Rh5+ 94. Ke6 Ke4 95. Ra8 Nd4+ 96. Kd6 Rh6+ 97. Kc5 Rc6+
98. Kb4 Ne6 99. Rh8 Rc1 100. Rh4+ Nf4 101. Kb5 Ke5 102. Kb4 Nd5+ 103. Kb5 Nc3+
104. Kc4 Ne4+ 105. Kb5 Rc8 106. Rh5+ Kd4 107. Rh4 Rc1 108. Kb6 Rg1 109. Kb5 Rg5+
110. Kb4 Kd5 111. Rh8 Rg6 112. Rd8+ Nd6 113. Kc3 Ke4 114. Rh8 Rg3+ 115. Kb4 Rg4
116. Kc5 Nf7 117. Re8+ Ne5 118. Kd6 Rg6+ 119. Kc5 Rc6+ 120. Kb5 Rc1 121. Kb4 Rc7
122. Kb3 Kd4 123. Rd8+ Nd7 124. Rh8 Nc5+ 125. Kc2 Ne4+ 126. Kb3 Nd2+ 127. Kb2
Nc4+ 128. Kc2 Ne3+ 129. Kb3 Rb7+ 130. Ka4 Nc2 131. Rd8+ Ke4 {Game drawn by the
50 move rule} 1/2-1/2

[Event "Team 45 45 League T47"]
[Site "Internet Chess Club"]
[Date "2010.12.03"]
[Round "5"]
[White "spacecadet"]
[Black "perikitosax"]
[Result "1-0"]
[WhiteElo "2141"]
[BlackElo "1986"]
[Opening "Sicilian defense"]
[ECO "B41"]
[Time "15:24:54"]
[TimeControl "2700+45"]

1. e4 c5 2. Nf3 e6 3. d4 cxd4 4. c3 Nf6 5. e5 Nd5 6. c4 Nb6 7. Qxd4 Nc6 8. Qe4
d5 9. exd6 Bxd6 10. Bd2 O-O 11. Qc2 Bc5 12. a3 a5 13. Bc3 e5 14. Nbd2 e4 15.
Nxe4 Re8 16. Bd3 f5 17. O-O-O Nb4 18. Bxb4 fxe4 19. Bxe4 Qe7 20. Bxh7+ Kh8 21.
Rhe1 {Black resigns} 1-0

[Event "Team 45 45 League T47"]
[Site "Internet Chess Club"]
[Date "2010.12.02"]
[Round "5"]
[White "gaibo4ever"]
[Black "Cryptochess"]
[Result "1-0"]
[WhiteElo "2118"]
[BlackElo "2146"]
[Opening "Two knights defense"]
[ECO "C59"]
[Time "17:01:29"]
[TimeControl "2700+45"]

1. e4 e5 2. Nf3 Nc6 3. Bc4 Nf6 4. Ng5 d5 5. exd5 Na5 6. Bb5+ c6 7. dxc6 bxc6 8.
Be2 h6 9. Nf3 e4 10. Ne5 Qd4 11. f4 Bc5 12. Rf1 Qd8 13. c3 Nd5 14. Qa4 Bd6 15.
Nxc6 Qh4+ 16. g3 Qxh2 17. Nxa5+ Bd7 18. Qxe4+ Be6 19. f5 O-O-O 20. fxe6 Qxg3+
21. Kd1 Bb4 22. Ba6+ Kc7 23. Qc4+ Kb8 24. Nc6+ Ka8 25. Nxd8 Ne3+ 26. dxe3 Rxd8+
27. Kc2 Qg2+ 28. Nd2 {Black resigns} 1-0

[Event "Team 45 45 League T47"]
[Site "Internet Chess Club"]
[Date "2010.12.07"]
[Round "5"]
[White "vnchess"]
[Black "DoWnLoAD"]
[Result "0-1"]
[WhiteElo "2193"]
[BlackElo "2185"]
[Opening "Réti: King's Indian attack, Spassky's variation"]
[ECO "A05"]
[Time "22:00:37"]
[TimeControl "2700+45"]

1. Nf3 Nf6 2. g3 b5 3. a4 b4 4. Bg2 Bb7 5. O-O e6 6. b3 a5 7. Bb2 Be7 8. d3 O-O
9. Nbd2 Na6 10. e4 c5 11. Qe2 Nc7 12. Rad1 d5 13. Ne5 Nd7 14. Nxd7 Qxd7 15. f4
f5 16. g4 fxe4 17. dxe4 Ba6 18. Qf3 Bxf1 19. Rxf1 Bg5 20. Qg3 Bf6 21. e5 Be7 22.
Kh1 Rf7 23. c4 bxc3 24. Bxc3 Ra7 25. f5 d4 26. fxe6 Qxe6 27. Bb2 Rxf1+ 28. Bxf1
Qh6 29. Bc4+ Kh8 30. Ne4 Qc6 31. Qf3 Ra8 32. Ng5 Qxf3+ 33. Nxf3 Rf8 34. Kg2 Rd8
35. Nd2 Nd5 36. Bxd5 Rxd5 37. Nc4 Bg5 38. h4 Bxh4 39. Kf3 Be1 40. Ke4 Rd8 41.
Kd3 Kg8 42. Nd6 Bb4 43. Bc1 h6 44. g5 h5 45. g6 Rf8 46. e6 h4 47. e7 c4+ 48.
bxc4 Bxd6 49. exf8=Q+ Kxf8 50. c5 h3 51. Bh6 Bb8 {White resigns} 0-1

[Event "Team 45 45 League T47"]
[Site "Internet Chess Club"]
[Date "2010.12.05"]
[Round "5"]
[White "Pason"]
[Black "SlimeDog2"]
[Result "0-1"]
[WhiteElo "2037"]
[BlackElo "2111"]
[Opening "Grünfeld: exchange, classical variation"]
[ECO "D86"]
[Time "14:00:19"]
[TimeControl "2700+45"]

1. d4 Nf6 2. c4 g6 3. Nc3 d5 4. cxd5 Nxd5 5. e4 Nxc3 6. bxc3 Bg7 7. Bc4 c5 8.
Nf3 O-O 9. Rb1 Nc6 10. d5 Na5 11. Be2 Bxc3+ 12. Bd2 Bxd2+ 13. Qxd2 b6 14. Qh6 f6
15. h4 Qd6 16. Rd1 Bb7 17. g4 Rf7 18. g5 Qf4 19. h5 Qxe4 20. Rh4 Qf5 21. Rh2 Rd8
22. Rg2 Rxd5 23. Nh4 Rxd1+ 24. Kxd1 Qb1+ 25. Kd2 Qb4+ 26. Kd1 Qxh4 27. Rg3 fxg5
28. Rxg5 Qd4+ 29. Kc2 Rxf2 30. Rxg6+ hxg6 31. Qxg6+ Kf8 32. Qh6+ Ke8 {White
resigns} 0-1

[Event "Team 45 45 League T47"]
[Site "Internet Chess Club"]
[Date "2010.12.06"]
[Round "5"]
[White "Chatica"]
[Black "egyptiantiger"]
[Result "1/2-1/2"]
[WhiteElo "2112"]
[BlackElo "2094"]
[Opening "Nimzovich-Larsen attack: modern variation"]
[ECO "A01"]
[Time "17:15:55"]
[TimeControl "2700+45"]

1. b3 e5 2. Bb2 d6 3. e3 Bf5 4. Qf3 Qc8 5. Bc4 Nf6 6. Qg3 Nc6 7. Na3 a6 8. Bd3
Nb4 9. Bxf5 Qxf5 10. Qf3 Qxf3 11. Nxf3 Be7 12. Ke2 e4 13. Nd4 g6 14. Nc4 O-O 15.
a3 Nbd5 16. f3 c5 17. fxe4 Nxe4 18. Nf3 Rfe8 19. d3 {Game drawn by mutual
agreement} 1/2-1/2

[Event "Team 45 45 League T47"]
[Site "Internet Chess Club"]
[Date "2010.12.04"]
[Round "5"]
[White "Paulkov"]
[Black "chiiwen"]
[Result "1/2-1/2"]
[WhiteElo "2281"]
[BlackElo "2201"]
[Opening "Sicilian: Kan, 5.Bd3"]
[ECO "B42"]
[Time "18:01:54"]
[TimeControl "2700+45"]

1. e4 c5 2. Nf3 e6 3. d4 cxd4 4. Nxd4 a6 5. Bd3 Nf6 6. O-O Qc7 7. Qe2 d6 8. Kh1
Nbd7 9. f4 Be7 10. c4 b6 11. Nc3 Bb7 12. Be3 Nc5 13. f5 e5 14. Nb3 Rc8 15. Nxc5
dxc5 16. Nd5 Bxd5 17. exd5 O-O 18. Bf2 e4 19. Bxe4 Bd6 20. Bh4 Qe7 21. Bf3 Qxe2
22. Bxe2 Be5 23. Rab1 Ne4 24. Bd3 Nd6 25. Be7 Rfe8 26. f6 gxf6 27. Bxd6 Bxd6 28.
Rxf6 Rcd8 29. Rbf1 Re3 30. Bb1 Rd7 31. g3 Kg7 32. R6f3 Re2 33. R3f2 Re3 34. Kg2
b5 35. b3 Rde7 36. Rf6 Re2+ 37. R6f2 Rxf2+ 38. Rxf2 b4 39. Bc2 {Game drawn by
mutual agreement} 1/2-1/2

[Event "Team 45 45 League T47"]
[Site "Internet Chess Club"]
[Date "2010.12.05"]
[Round "5"]
[White "Fulvio"]
[Black "MaartenKoning"]
[Result "1-0"]
[WhiteElo "2059"]
[BlackElo "2234"]
[Opening "Benkö gambit half accepted"]
[ECO "A57"]
[Time "14:08:00"]
[TimeControl "2700+45"]

1. d4 Nf6 2. c4 c5 3. d5 b5 4. cxb5 a6 5. g3 d6 6. b6 a5 7. Qb3 Bd7 8. Nc3 a4 9.
Qc2 Qxb6 10. Bg5 Ng4 11. Bh3 Ne5 12. Bxd7+ Nbxd7 13. Nxa4 Qa5+ 14. Nc3 g6 15.
Kf1 Bg7 16. Kg2 h6 17. Bd2 O-O 18. Nf3 Nxf3 19. exf3 Rfb8 20. f4 Nb6 21. Qe4 Ra7
22. f5 g5 23. h4 Qb4 24. f6 Bxf6 25. hxg5 Bxc3 26. Qf5 Bxd2 27. Rxh6 Qxb2 28. g6
Qg7 29. gxf7+ Kf8 30. Rh7 Qf6 31. Qh5 Rba8 32. Rh1 Rxa2 33. Rh8+ Kg7 34. Qh7#
{Black checkmated} 1-0

[Event "Team 45 45 League T47"]
[Site "Internet Chess Club"]
[Date "2010.12.05"]
[Round "5"]
[White "Campagnolo"]
[Black "BlackHorse"]
[Result "1-0"]
[WhiteElo "2052"]
[BlackElo "1926"]
[Opening "English opening"]
[ECO "A16"]
[Time "21:03:12"]
[TimeControl "2700+45"]

1. c4 Nf6 2. Nc3 g6 3. Nf3 Bg7 4. g3 O-O 5. Bg2 d6 6. O-O e5 7. d3 c6 8. Rb1 a5
9. a3 h6 10. b4 axb4 11. axb4 Be6 12. Nd2 Nfd7 13. Bb2 f5 14. b5 Nc5 15. Qc2 g5
16. Ra1 Rxa1 17. Rxa1 h5 18. Ba3 h4 19. Bxc5 dxc5 20. Ra8 hxg3 21. hxg3 Qd7 22.
Na4 Qd6 23. Nb3 cxb5 24. Naxc5 Bf7 25. Nxb7 Qb4 26. N7a5 bxc4 27. Nxc4 g4 28.
Nbd2 f4 29. Ra4 Qc5 30. Ne4 Qc7 31. Qb1 Qd7 32. Rb4 Nc6 33. Rb7 Qd8 34. Qb6 Nd4
35. Qxd8 Nxe2+ 36. Kf1 Rxd8 37. Kxe2 f3+ 38. Bxf3 gxf3+ 39. Kxf3 Rxd3+ 40. Ne3
Bd5 41. Rb4 Bf8 42. Ke2 Rxe3+ 43. Kxe3 Bxb4 44. Nf6+ Kf7 45. Nxd5 Bc5+ 46. Kf3
Ke6 47. Ne3 Ba7 48. Ke4 Bc5 49. f3 Bb4 50. Nf5 Bf8 51. g4 Ba3 52. Ng7+ Kf6 53.
Nh5+ Ke6 54. g5 Bd6 55. g6 Bb8 56. g7 Kf7 57. Kf5 Bd6 58. Kg5 Be7+ 59. Kh6 Kg8
60. Kg6 Bd8 61. Nf6+ Bxf6 62. Kxf6 Kh7 63. Kf7 {Black resigns} 1-0

[Event "Team 45 45 League T47"]
[Site "Internet Chess Club"]
[Date "2010.12.07"]
[Round "5"]
[White "martineden"]
[Black "AreYouSerious"]
[Result "0-1"]
[WhiteElo "1874"]
[BlackElo "1969"]
[Opening "Queen's pawn game"]
[ECO "B07"]
[Time "12:22:33"]
[TimeControl "2700+45"]

1. d4 Nf6 2. Nc3 d6 3. e4 b6 4. f4 g6 5. Nf3 Bg7 6. Bd3 Bb7 7. Qe2 Nc6 8. Be3 a6
9. O-O O-O 10. h3 h6 11. g4 Nd7 12. Rae1 e5 13. fxe5 dxe5 14. d5 Nd4 15. Qd2 Kh7
16. Ne2 Nxe2+ 17. Rxe2 b5 18. Ref2 Qe7 19. b3 Rad8 20. c4 f5 21. Qa5 Nf6 22.
gxf5 gxf5 23. Nh4 f4 24. Nf5 Qf7 25. Bc5 Rg8 26. Kh2 Bf8 27. Bxf8 Rdxf8 28. cxb5
Bc8 29. bxa6 Bxf5 30. exf5 Qg7 31. Qe1 Qg3+ 32. Kh1 Qxd3 33. Rf3 Qc2 34. R1f2
Qxf5 35. b4 Ne4 36. Rb2 Ng3+ 37. Kh2 e4 38. Rc3 Rg7 39. Rbc2 Rff7 40. a7 Qxd5
41. Qc1 e3 42. Rc6 Qf3 43. a8=Q Nf1+ 44. Qxf1 Qxf1 45. Rxh6+ Kxh6 46. Qh8+ Kg6
47. Rg2+ Qxg2+ 48. Kxg2 f3+ 49. Kf1 e2+ 50. Kf2 Re7 {White resigns} 0-1